 Dungeon Crawl Stone Soup version 0.30-a0-728-gc68057be0a (webtiles) character file.

Game seed: 1216319215991545794

144 Newt the Trooper (level 5, -1/42 HPs)
             Began as a Demonspawn Gladiator on Jan 31, 2023.
             Slain by an orc wizard
             ... wielding a +1 vampiric dagger
              (4 damage)
             ... on level 3 of the Dungeon.
             The game lasted 00:02:24 (2134 turns).

Newt the Trooper (Demonspawn Gladiator)             Turns: 2134, Time: 00:02:24

Health: -1/42      AC:  5    Str: 16    XL:     5   Next: 5%
Magic:  5/5        EV: 12    Int:  9    God:
Gold:   102        SH:  0    Dex: 15    Spells: 4/4 levels left

rFire   . . .      SeeInvis .    a - +1 rapier (venom)
rCold   . . .      Faith    .    (no shield)
rNeg    . . .      Spirit   .    b - +0 leather armour
rPois   .          Reflect  .    c - +0 helmet
rElec   .          Harm     .    (no cloak)
rCorr   .          Rampage  .    n - +0 pair of gloves
Will    .....                    (no boots)
Stlth   ++                       (no amulet)
HPRegen 0.27/turn                (no ring)
MPRegen 0.09/turn                (no ring)

@: no status effects
A: demonic guardian 1, powered by death 2
a: no special abilities


You were on level 3 of the Dungeon.
You visited 1 branch of the dungeon, and saw 3 of its levels.

You collected 102 gold pieces.

Inventory:

Hand Weapons
 a - a +1 rapier of venom (weapon)
Missiles
 d - 3 throwing nets
 e - 7 javelins
 h - 28 stones (quivered)
 p - 2 atropa-tipped darts
Armour
 b - a +0 leather armour (worn)
 c - a +0 helmet (worn)
 n - a +0 pair of gloves (worn)
Wands
 m - a wand of charming (14)
Scrolls
 f - a scroll of vulnerability
 j - a scroll of teleportation
 o - a scroll of fog
Potions
 g - a potion of cancellation
 i - a potion of degeneration {unknown}
 l - 2 potions of might {unknown}
 q - a potion of curing {unknown}


   Skills:
 - Level 4.0 Fighting
 + Level 3.6 Short Blades
 - Level 1.7 Throwing
 - Level 2.6 Dodging
 - Level 2.0 Stealth


You had 4 spell levels left.
You didn't know any spells.
Your spell library was empty.

Dungeon Overview and Level Annotations

Branches:
Dungeon (3/15)

Altars:
Nemelex Xobeh

Shops:
D:2 (


Innate Abilities, Weirdness & Mutations

A weak demonic guardian rushes to your aid.
You regenerate health from kills.


Message History

You hear some strange, mumbled words.
You are confused.
You feel much better.
The orc priest hits you with a +4 flail.
You hear some strange, mumbled words.
Something tries to affect you, but you resist.
Unknown command.
You bump into the rock wall.
The orc priest hits you with a +4 flail.
Something hits you.
* * * LOW HITPOINT WARNING * * *
Unknown command.
You hit the orc priest but do no damage.
The orc priest looks as sick as possible!
The orc priest is severely wounded.
You kill the orc priest!
Something completely misses you.
You have reached level 5!
Your demonic ancestry asserts itself...
The wave of death grows in power.
Something hits you but does no damage.
You see here a +0 flail.
You completely miss something. Something hits you but does no damage.
You miss something. Something hits you.
* * * LOW HITPOINT WARNING * * *
You puncture your iron imp!
Your iron imp is heavily wounded.
You feel less confused. Something hits you.
* * * LOW HITPOINT WARNING * * *
Something hits you.
* * * LOW HITPOINT WARNING * * *
You see here a +2 trident of holy wrath.
You puncture something! Something hits you.
* * * LOW HITPOINT WARNING * * *
Something hits you but does no damage.
Your iron imp misses something.
You miss something. Something hits you.
* * * LOW HITPOINT WARNING * * *
Your iron imp closely misses something.
Something hits you.
You die...

######.#.#######.###.#.###. #.. #
#........# ##........#.#....#..##
#...)....# #...#.#####.#.#... ...
#........###...#.#..........####.
#........+.....#.#..............)
#........###...#.#..............)
######)..........'...............
#######...#.#...............
#####@#..............?
########{#...............
#.......5####.######.....
#........####.######.##..
#.......).....#......##..
#........................
#................######..
########................'..# #..
.......)................#....#..


You could see a friendly iron imp (summoned).

Vanquished Creatures
  2 orc priests (D:3)
  A gnoll (D:1)
  2 adders (D:2)
  A worm (D:2)
  5 orcs (D:3)
  7 ball pythons
  3 endoplasms
  A giant cockroach (D:1)
  4 goblins
  5 hobgoblins
  2 kobolds
  A quokka (D:2)
  5 bats
  A frilled lizard (D:3)
  5 rats
45 creatures vanquished.

Vanquished Creatures (collateral kills)
  An orc (D:3)
1 creature vanquished.

Grand Total: 46 creatures vanquished

Notes
Turn   | Place    | Note
-------+----------+-------------------------------------------
     0 | D:1      | Newt the Demonspawn Gladiator began the quest for the Orb.
     0 | D:1      | Reached XP level 1. HP: 16/16 MP: 1/1
   137 | D:1      | Reached skill level 1 in Stealth
   253 | D:1      | Gained mutation: You regenerate a little health from kills.
                  | [demonic ancestry]
   253 | D:1      | Reached XP level 2. HP: 22/22 MP: 2/2
   891 | D:2      | Gained mutation: A weak demonic guardian rushes to your
                  | aid. [demonic ancestry]
   891 | D:2      | Reached XP level 3. HP: 28/28 MP: 3/3
  1037 | D:2      | Found a faded altar of an unknown god.
  1128 | D:2      | Reached skill level 3 in Fighting
  1365 | D:2      | Found Doixzeg's Antique Weapon Shop.
  1856 | D:3      | Reached XP level 4. HP: 37/37 MP: 4/4
  1856 | D:3      | Found a sparkling altar of Nemelex Xobeh.
  1886 | D:3      | Reached skill level 4 in Fighting
  2052 | D:3      | Identified the +4 trident of Yngudghiq {venom, Stlth+}
  2127 | D:3      | Gained mutation: You regenerate health from kills. [demonic
                  | ancestry]
  2127 | D:3      | Reached XP level 5. HP: 12/42 MP: 5/5
  2134 | D:3      | Slain by an orc wizard

Illustrated notes

Levels and vault maps discovered:
D:1:      tekkud_arrival_beachfront_property, layout_loops_cross
D:2:      layout_basic, chequers_ecumenical_altar_simple, serial_shops, shop,
          corexii_hall_statues_t, grunt_decor_cap
D:3:      layout_basic, nemelex_xobeh_ov_fountains_minmay,
          kennysheep_decorative_pillar, minmay_rat_hole, uniq_terence

Skill      XL: |  1  2  3  4 |
---------------+-------------+-----
Stealth        | 1 2 |  2.0
Fighting       | 3 4 |  4.0
Short Blades   | 3 |  3.6
Throwing       | |  1.7
Dodging        | |  2.6

Action                     |  1- 3 |  4- 6 || total
---------------------------+-------+-------++-------
  Melee: Rapier            |    74 |    22 ||    96
  Throw: Stone             |     2 |     4 ||     6
    Use: Scroll            |    10 |       ||    10
         Potion            |       |     1 ||     1
   Stab: Sleeping          |     6 |       ||     6
         Distracted        |     1 |       ||     1
 Armour: Leather armour    |    22 |    10 ||    32
  Dodge: Dodged            |    58 |    13 ||    71

Table legend: (Time is in decaauts)
 A = Elapsed time spent in this place.
 B = Non-inter-level travel time spent in this place.
 C = Inter-level travel time spent in this place.
 D = Time resting spent in this place.
 E = Time spent auto-exploring this place.
 F = Levels seen in this place.
 G = Mean time per level.
                   A        B        C        D        E       F      G
               +--------+--------+--------+--------+--------+-----+--------+
         Total |   2142 |   2074 |     68 |    105 |   1625 |   3 |  714.0 |
       Dungeon |   2142 |   2074 |     68 |    105 |   1625 |   3 |  714.0 |
               +--------+--------+--------+--------+--------+-----+--------+

Top non-repeatable levels by time:
     D:2: 850 daAuts
     D:1: 727 daAuts
     D:3: 564 daAuts
